 Dungeon Crawl Stone Soup version 0.31-a0-609-g7bf6ffcfed (webtiles) character file.

Game seed: 5210933156738312750

67 Fodor the Covered (level 3, 0/33 HPs)
             Began as a Minotaur Fighter on Aug 21, 2023.
             Slain by a gnoll
             ... wielding a +0 spear
              (2 damage)
             ... on level 2 of the Dungeon.
             The game lasted 00:05:54 (1186 turns).

Fodor the Covered (Minotaur Fighter)                Turns: 1186, Time: 00:05:55

Health: 0/33       AC:  7    Str: 22    XL:     3   Next: 98%
Magic:  2/2        EV:  9    Int:  5    God:
Gold:   89         SH:  4    Dex:  9    Spells: 2/2 levels left

rFire   . . .        i - +2 spear (venom)
rCold   . . .        c - +0 buckler
rNeg    . . .        b - +0 scale mail
rPois   .            (helmet restricted)
rElec   .            (no cloak)
rCorr   .            (no gloves)
SInv    .            (no boots)
Will    .....        (no amulet) Stlth
                     (no ring)
HPRegen 0.25/turn    (no ring)
MPRegen 0.08/turn

%: no passive effects
@: mighty, hasted, very quick
A: horns 2, retaliatory headbutt
a: no special abilities


You were on level 2 of the Dungeon.
You visited 1 branch of the dungeon, and saw 2 of its levels.

You collected 89 gold pieces.

Inventory:

Hand Weapons
 a - a +0 long sword
 i - a +2 spear of venom (weapon)
Armour
 b - a +0 scale mail (worn)
 c - a +0 buckler (worn)
Scrolls
 f - a scroll of blinking {unknown}
 g - a scroll of vulnerability {unknown}
 h - a scroll of identify {unknown}
 j - a scroll of immolation {unknown}
 k - a scroll of silence {unknown}
Potions
 d - a potion of might


   Skills:
 + Level 4.1 Fighting
 + Level 3.1 Long Blades
 + Level 1.0 Polearms
 + Level 4.4 Armour
 + Level 0.3 Dodging
 + Level 4.2 Shields


You had 2 spell levels left.
You didn't know any spells.
Your spell library contained the following spells:

 Spells                   Type           Power      Damage    Failure   Level
 Magic Dart               Conj           0%         1d3       86%         1
 Shock                    Conj/Air       0%         1d3       86%         1
 Call Imp                 Summ           0%         N/A       94%         2
 Mephitic Cloud           Conj/Pois/Air  0%         N/A       99%         3


Dungeon Overview and Level Annotations

Branches:
Dungeon (2/15)

Altars:


Innate Abilities, Weirdness & Mutations

You have a pair of horns on your head.
You reflexively headbutt those who attack you in melee.


Message History

You open the door.
A bat, a frilled lizard and 3 gnolls come into view.
A gnoll is wielding a +1 halberd of flaming.
The frilled lizard hisses angrily.
The gnoll shouts! x2
The gnoll barely misses you.
A gnoll comes into view. It is wielding a +0 halberd.
Found a scroll labelled NOJEWE XIAPUI and a runed onyx ring.
The gnoll hits you from afar with a +0 spear.
The gnoll hits you with a +0 spear. You block the gnoll's attack.
You barely miss the gnoll. The gnoll hits you with a +0 spear.
The gnoll hits you from afar with a +1 halberd of flaming.
The gnoll burns you. The gnoll hits you with a +0 spear.
You barely miss the gnoll. Your headbutt misses the gnoll.
The gnoll hits you from afar with a +1 halberd of flaming!
The gnoll burns you. The gnoll hits you with a +0 spear.
You closely miss the gnoll.
The gnoll hits you from afar with a +1 halberd of flaming.
* * * LOW HITPOINT WARNING * * *
The gnoll burns you.
* * * LOW HITPOINT WARNING * * *
The gnoll hits you but does no damage.
You hit the gnoll.
The gnoll is poisoned.
The gnoll is lightly wounded.
The gnoll closely misses you. You block the gnoll's attack.
You barely miss the gnoll. You headbutt the gnoll.
The gnoll is moderately wounded.
You block the gnoll's attack. The gnoll barely misses you.
You closely miss the gnoll.
The gnoll is moderately wounded.
The gnoll hits you from afar with a +1 halberd of flaming.
* * * LOW HITPOINT WARNING * * *
The gnoll burns you.
* * * LOW HITPOINT WARNING * * *
You block the gnoll's attack.
It was a potion of haste.
You feel yourself speed up. The gnoll hits you but does no damage.
The gnoll hits you with a +0 spear.
* * * LOW HITPOINT WARNING * * *
You feel very mighty all of a sudden. The gnoll hits you but does no damage.
The gnoll hits you with a +0 spear.
You die... #####..## #.......####.........# #.#........+=...?....+ #.#.#...####......... #.#.##.## ....... #.#.##.# ..gg. #......# lbg

###.#### #g# #.# #@#
###.#### #.# .......#
##.##
###.##.########...## #
#....>...........#
######.########........
.......# ##.######
######## ###


You could see 4 gnolls, a bat and a frilled lizard.

Vanquished Creatures
  2 adders (D:2)
  2 worms (D:2)
  3 dart slugs
  3 ball pythons
  An endoplasm (D:1)
  6 goblins
  A hobgoblin (D:1)
  3 kobolds
  A quokka (D:2)
  7 bats
  A frilled lizard (D:2)
  11 rats
41 creatures vanquished.

Notes
Turn   | Place    | Note
-------+----------+-------------------------------------------
     0 | D:1      | Fodor the Minotaur Fighter began the quest for the Orb.
     0 | D:1      | Reached XP level 1. HP: 19/19 MP: 0/0
   174 | D:1      | Reached XP level 2. HP: 27/27 MP: 1/1
   310 | D:1      | Found a faded altar of an unknown god.
   324 | D:1      | Got Plato's Catalogue of Weather
   582 | D:2      | Reached XP level 3. HP: 33/33 MP: 2/2
  1073 | D:2      | Reached skill level 1 in Polearms
  1186 | D:2      | Slain by a gnoll

Illustrated notes

Levels and vault maps discovered:
D:1:      evilmike_arrival_plus, layout_rooms,
          shapermc_ecumenical_altar_rom_forum
D:2:      layout_loops_corners, minmay_crystal_room, minmay_box_of_dots

Skill      XL: |  1  2  3 |
---------------+----------+-----
Armour         | 4 |  4.4
Shields        | 4 |  4.2
Fighting       | 4 |  4.1
Long Blades    | 3 |  3.1
Polearms       | 1 |  1.0
Dodging        | |  0.3

Action                     || total
---------------------------++-------
  Melee: Long sword        ||    39
         Headbutt          ||     8
         Spear             ||    44
    Use: Potion            ||     2
 Armour: Scale mail        ||    59
  Dodge: Dodged            ||    53
  Block: Buckler           ||    24

Table legend: (Time is in decaauts)
 A = Elapsed time spent in this place.
 B = Non-inter-level travel time spent in this place.
 C = Inter-level travel time spent in this place.
 D = Time resting spent in this place.
 E = Time spent auto-exploring this place.
 F = Levels seen in this place.
 G = Mean time per level.
                   A        B        C        D        E       F      G
               +--------+--------+--------+--------+--------+-----+--------+
         Total |   1202 |   1187 |     15 |     55 |      0 |   2 |  601.0 |
       Dungeon |   1202 |   1187 |     15 |     55 |      0 |   2 |  601.0 |
               +--------+--------+--------+--------+--------+-----+--------+

Top non-repeatable levels by time:
     D:2: 619 daAuts
     D:1: 583 daAuts
